 Dungeon Crawl Stone Soup version 0.19-a0-1886-gd64a0f0 (webtiles) character file.

1126 JeffiDaFish the Sneak (level 8, -3/59 HPs)
             Began as a Vampire Enchanter on Oct 17, 2016.
             Was a Follower of Sif Muna.
             Killed by divine providence
             ... invoked by an orc priest
              (12 damage)
             ... on level 5 of the Dungeon.
             The game lasted 00:19:13 (5285 turns).

JeffiDaFish the Sneak (Vampire Enchanter)           Turns: 5285, Time: 00:19:14

Health: -3/59      AC:  6    Str:  9    XL:     8   Next: 13%
Magic:  13/13      EV: 14    Int: 17    God:    Sif Muna [*.....]
Gold:   259        SH:  0    Dex: 15    Spells: 4 memorised, 5 levels left

rFire  x . .     SeeInvis +     a - +2 dagger
rCold  + . .     Gourm    .     b - +2 robe
rNeg   + . .     Faith    .     (no shield)
rPois  .         Spirit   .     (helmet restricted)
rElec  .         Dismiss  .     (no cloak)
rCorr  +         Reflect  .     (no gloves)
MR     .....     Harm     .     (no boots)
Stlth  ++++......               (no amulet)
                                e - ring of resist corrosion
                                h - ring of ice

@: no status effects
A: antennae 1, fangs 3, thin metallic scales 1, see invisible, deterioration 1,
mutation resistance 1, unbreathing, MP-powered wands
a: Bat Form, Divine Energy, Renounce Religion


You were on level 5 of the Dungeon.
You worshipped Sif Muna.
Sif Muna was aware of your devotion.
You were not thirsty.

You visited 1 branch of the dungeon, and saw 6 of its levels.

You collected 259 gold pieces.

Inventory:

Hand Weapons
 a - a +2 dagger (weapon)
 t - a +0 dagger of draining
Armour
 b - a +2 robe (worn)
Jewellery
 e - a ring of resist corrosion (right hand)
 h - a ring of ice (left hand)
 i - an uncursed ring of fire
Wands
 o - a wand of random effects (23/48)
 q - a wand of lightning (1/15)
 u - a wand of enslavement (10/24)
 v - a wand of heal wounds (3/9)
Scrolls
 f - 2 scrolls of teleportation
 g - a scroll of recharging
 k - a scroll of magic mapping
 l - 4 scrolls of identify
 n - a scroll of fog
 p - a scroll of remove curse
 r - a scroll of enchant armour
 s - a scroll of amnesia
Potions
 d - 14 potions of blood
 j - 2 potions of heal wounds
 m - a potion of cancellation
 w - a potion of curing
 x - a potion of brilliance
Books
 c - a book of Maledictions

   Spells                             Type                      Level
   a - Corona                         Hexes                        1
   b - Ensorcelled Hibernation        Hexes/Ice                    2
   c - Confuse                        Hexes                        3
   d - Tukima's Dance                 Hexes                        3
   e - Dazzling Spray                 Conjuration/Hexes            3


   Skills:
 * Level 3.6 Fighting
 + Level 3.5 Short Blades
 + Level 4.1 Dodging
 + Level 7.2 Stealth
 + Level 3.9 Spellcasting
 + Level 6.6 Hexes
 + Level 3.3 Ice Magic


You had 5 spell levels left.
You knew the following spells:

 Your Spells              Type           Power        Failure   Level  Hunger
a - Corona                Hex            ####...      1%          1    None
b - Ensorcelled Hibernat  Hex/Ice        ####..       3%          2    ##.....
c - Confuse               Hex            ####....     3%          3    ###....
d - Dazzling Spray        Conj/Hex       ##....       14%         3    ###....


Dungeon Overview and Level Annotations

Branches:
Dungeon (6/15)             Temple (0/1) D:4

Altars:
Ashenzari
Elyvilon
Fedhas
Nemelex Xobeh
Sif Muna
Vehumet
Xom
Yredelemnul

Shops:
D:4 *   D:6 (


Innate Abilities, Weirdness & Mutations

You have razor-sharp teeth.
You have supernaturally acute eyesight. (SInv)
You can survive without breathing.
You have a pair of small antennae on your head.
You are partially covered in thin metallic scales. (AC +2)
Your body sometimes deteriorates upon taking damage.
You are somewhat resistant to further mutation.
You expend magic power (3 MP) to strengthen your wands.


Message History

The hound is lightly wounded.
The hound closely misses you. The hound bites you but does no damage.
You miss the hound.
The hound is lightly wounded.
The orc misses you. The hound bites you.
The hound bites you but does no damage. The orc priest closely misses you.
The orc misses you. The hound bites you.
You climb upwards.
There is a stone staircase leading down here.
The hound bites you.
The orc priest mumbles some strange prayers to Beogh against you.
Beogh smites you!
* * * LOW HITPOINT WARNING * * *
The hound bites you.
* * * LOW HITPOINT WARNING * * *
Things that are here:
a leather armour; a club; an orc skeleton The orc priest calls down the wrath of Beogh upon you.
Beogh smites you!
You die...

#<# #.# #.# #.# #.# #.#
#.####
##########.#..###############
.............oh[@...........#
##########.#.o#[...........<#
#.#..#.##########.##
#.#..#.##########.# ########
#.#..#............## .......#
#.#...............<#
######.###.##.#......)......#
#..##.##.#.##########.##
##.##.........#.....#.#


You could see a hound, an orc priest and an orc.

Vanquished Creatures
  A human (D:5)
  The ghost of ChaseSP the Changer, an amateur MfTm (D:3)
  3 ogres
  2 wights
  2 howler monkeys
  2 iguanas
  Jessica (D:3)
  Natasha (thrice) (D:3)
  A human skeleton (D:5)
  Terence (D:3)
  An orc wizard (D:5)
  2 worker ants
  A hound skeleton (D:4)
  6 adders
  A shadow imp (D:5)
  4 worms
  A dart slug (D:3)
  6 leopard geckos
  5 orcs
  9 giant cockroaches
  2 goblins
  4 hobgoblins
  6 jackals
  5 kobolds
  4 quokkas
  9 bats
  A frilled lizard (D:1)
  A goblin skeleton (D:5)
  A jackal skeleton (D:4)
  A kobold zombie (D:5)
  2 leopard gecko skeletons
  24 rats
113 creatures vanquished.

Vanquished Creatures (others)
  A hobgoblin (D:2)
1 creature vanquished.

Grand Total: 114 creatures vanquished

Notes
Turn   | Place    | Note
-------+----------+-------------------------------------------
     0 | D:1      | JeffiDaFish the Vampire Enchanter began the quest for the Orb.
     0 | D:1      | Reached XP level 1. HP: 13/13 MP: 3/3
    64 | D:1      | Found a sparkling altar of Nemelex Xobeh.
   277 | D:1      | Reached XP level 2. HP: 10/19 MP: 5/5
   728 | D:1      | Gained mutation: You have a pair of small antennae on your head. [potion of mutation]
   728 | D:1      | Gained mutation: You expend magic power (3 MP) to strengthen your wands. [potion of mutation]
   728 | D:1      | Gained mutation: You are somewhat resistant to further mutation. [potion of mutation]
   821 | D:2      | Gained mutation: You are partially covered in thin metallic scales. (AC +2) [potion of mutation]
   822 | D:2      | Gained mutation: Your body sometimes deteriorates upon taking damage. [potion of mutation]
   864 | D:2      | Found a shattered altar of Ashenzari.
   880 | D:2      | Found a radiant altar of Vehumet.
   912 | D:2      | Reached skill level 5 in Stealth
   987 | D:1      | Learned a level 2 spell: Ensorcelled Hibernation
   998 | D:2      | Reached XP level 3. HP: 11/24 MP: 3/6
  1379 | D:2      | Found a faded altar of an unknown god.
  1714 | D:3      | Noticed ChaseSP's ghost (amateur MfTm)
  1721 | D:2      | Learned a level 3 spell: Confuse
  1766 | D:3      | Noticed Jessica
  1771 | D:3      | Killed Jessica
  1771 | D:3      | Reached skill level 5 in Hexes
  1771 | D:3      | Reached skill level 1 in Ice Magic
  1771 | D:3      | Reached XP level 4. HP: 31/31 MP: 4/7
  1773 | D:3      | Noticed Terence
  1785 | D:3      | Killed Terence
  1785 | D:3      | Reached skill level 1 in Fighting
  2169 | D:3      | Noticed Natasha
  2175 | D:3      | Killed Natasha
  2175 | D:3      | Reached XP level 5. HP: 37/37 MP: 6/9
  2233 | D:3      | Noticed Natasha
  2240 | D:3      | Killed Natasha
  2426 | D:3      | Noticed Natasha
  2433 | D:3      | Killed Natasha
  2486 | D:3      | Killed ChaseSP's ghost
  2486 | D:3      | Reached skill level 6 in Stealth
  2486 | D:3      | Reached XP level 6. HP: 16/44 MP: 7/10
  2823 | D:3      | Found a shimmering altar of Xom.
  3057 | D:4      | Found Kackiq's General Store.
  3072 | D:4      | Found a deep blue altar of Sif Muna.
  3074 | D:4      | Found a sparkling altar of Nemelex Xobeh.
  3084 | D:4      | Became a worshipper of Sif Muna the Loreminder
  3115 | D:4      | Found a white marble altar of Elyvilon.
  3293 | D:4      | Found a staircase to the Ecumenical Temple.
  3364 | D:4      | Reached XP level 7. HP: 51/51 MP: 11/11
  3789 | D:5      | Entered Level 5 of the Dungeon
  3971 | D:5      | Learned a level 3 spell: Dazzling Spray
  4143 | D:5      | Found a blossoming altar of Fedhas.
  4185 | D:5      | Found a runed door.
  4185 | D:5      | Noticed a human
  4202 | D:5      | Found a basalt altar of Yredelemnul.
  4229 | D:5      | Killed a human
  4320 | D:5      | Reached skill level 7 in Stealth
  4580 | D:6      | Found Pikkaq's Antique Weapon Boutique.
  4604 | D:6      | Reached * piety under Sif Muna
  4604 | D:6      | Reached XP level 8. HP: 56/58 MP: 2/13
  5285 | D:5      | Killed from afar by an orc priest

Vault maps used:
D:1:      minmay_arrival_four_circles, nemelex_altar_shiori
D:2:      fiery_altar_vehumet, ashenzari_conservatory_becter, first_bread,
          ecumenical_altar_2, minmay_rat_hole
D:3:      lemuel_crystal_altar, uniq_jessica, uniq_terence, uniq_natasha
D:4:      lemuel_round_altar, chequers_temple_overflow_statue_of_worship,
          serial_shops, kennysheep_mini_moat, minmay_misc_feat_nine_boxes,
          hangedman_decor_peaks_small, kennysheep_opposing_triangles
D:5:      basic_altar, dk_yredelemnul_ordeal
D:6:      old_standard_altar, kennysheep_little_box, serial_shops,
          nicolae_shop_crystal, shop, shop, shop, uniq_duvessa

Skill      XL: |  1  2  3  4  5  6  7 |
---------------+----------------------+-----
Stealth        | 5 6 7 |  7.2
Hexes          | 5 6 |  6.6
Ice Magic      | 1 2 3 |  3.3
Fighting       | 1 2 3 |  3.6
Short Blades   | 2 3 |  3.5
Dodging        | 3 4 |  4.1
Spellcasting   | 3 |  3.9

Action                   |  1- 3 |  4- 6 |  7- 9 || total
-------------------------+-------+-------+-------++-------
Melee: Dagger            |   153 |   155 |   129 ||   437
       Bite              |    10 |    11 |     9 ||    30
 Cast: Ensorcelled Hiber |     2 |    13 |    14 ||    29
       Confuse           |       |     3 |     7 ||    10
       Dazzling Spray    |       |       |     2 ||     2
 Abil: End Transformatio |       |       |     1 ||     1
       Bat Form          |       |       |     1 ||     1
  Use: Scroll            |     8 |     4 |       ||    12
       Potion            |     9 |     5 |    11 ||    25
 Stab: Sleeping          |     9 |    16 |    13 ||    38
       Confused          |       |     4 |     3 ||     7
       Distracted        |       |     1 |     1 ||     2
Armor: Robe              |    44 |    21 |    32 ||    97
Dodge: Dodged            |   122 |    70 |    86 ||   278
